Unix NetHack Version 3.7.0-102 Work-in-progress - last build Apr 6 2024 13:22:21 (d302a6a9ff6341f1a922d8f5af178406b35fdf99,branch:master). Game began 2024-04-30 07:07:49, ended 2024-04-30 19:07:50. spontiff, neutral male gnomish Healer -------------------------------- +..............................| |. -----+------.----..-----...|# |. |...| |.$.-.-..|--|[..|...|# |.. |...| |...|.|..| |..$|....## -.. |...|-------.---| |...|...|## |...---|-...}...@...-+----|-...|## |...............@}&@&.@........|## |........{.---|---}@)..........|## |..........|.....|.}...}.......|### --------- |...--|--..|.....|}...---|-....|# ##|.......| |.. |+..|-||.._..|.-|-|...|---.|####........| |. |.++| .|.....|.|..|..(| |.| #|......<| | |...| .|------.|..|$.+| +.| #-.......| -------- .-------- -.| --------- . .| --- --- Spontiff the Rhizotomist St:8 Dx:12 Co:16 In:8 Wi:14 Ch:17 Neutral S:250 Dlvl:6 $:0 HP:0(24) Pw:0(0) AC:-2 Xp:1/0 T:3618 Hungry Burdened Latest messages: The watchman hurls a dark potion! The dark potion misses the large dog. The flagon crashes on your head and breaks into shards. The dark potion evaporates. Something seems to be holding you. The large dog bites the watchman. The watchman thrusts his short sword at the large dog. The watchman hits the large dog. The large dog bites the watchman. The watchman thrusts his short sword at the large dog. The watchman misses the large dog. The watchman throws a spear! The spear misses the large dog. A spear misses you. You can move again. The large dog bites the watchman. The watchman wields a knife! The large dog misses the watchman. The large dog misses the watchman. The large dog bites the watchman. The large dog misses the watchman. What do you want to use or apply? [fkstxSX or ?*] f What do you want to wield? [- or ?*] c c - a blessed potion of healing (wielded). What do you want to use or apply? [fkstxSX or ?*] o You don't have that object. What do you want to use or apply? [fkstxSX or ?*] Never mind. You see here a spear. The large dog bites the watchman. The watchman thrusts his short sword at the large dog. The watchman hits the large dog. The large dog is killed! The watch captain zaps a pine wand! The bolt of lightning hits the watchman! The bolt of lightning whizzes by you! You are blinded by the flash! It hits! What do you want to drink? [cA or ?*] c You feel better. You can see again. The watchman thrusts his short sword. The watchman hits! The watchman swings wildly and misses! The watch captain zaps a wand of lightning! The bolt of lightning misses the water demon. The bolt of lightning hits you! You die... Do you want your possessions identified? [ynq] (y) y Do you want to see the dungeon overview? [ynq] (y) y Inventory: Armor h - an uncursed +0 orcish helm (being worn) g - an uncursed +1 pair of leather gloves (being worn) v - an uncursed +0 pair of iron shoes (being worn) q - an uncursed +0 dwarvish cloak (being worn) d - an uncursed +0 leather armor (being worn) Comestibles y - an uncursed apple n - an uncursed food ration Potions A - an uncursed potion of water Wands S - an uncursed wand of sleep (0:4) Tools f - an uncursed sack containing 25 items t - an uncursed blindfold named Po SI x - an uncursed brass lantern k - a cursed lock pick X - an uncursed oil lamp s - an uncursed stethoscope Contents of the sack: 271 gold pieces a cursed amulet of strangulation an uncursed +0 dart an uncursed cram ration an uncursed scroll of confuse monster an uncursed scroll of enchant armor an uncursed scroll of magic mapping a blessed scroll of remove curse an uncursed scroll of remove curse a blessed spellbook of healing an uncursed spellbook of jumping an uncursed spellbook of knock an uncursed spellbook of light 3 uncursed potions of extra healing 2 uncursed potions of water an uncursed ring of poison resistance an uncursed wand of digging (0:8) an uncursed jade stone 2 uncursed worthless pieces of black glass an uncursed worthless piece of blue glass 2 uncursed worthless pieces of orange glass an uncursed worthless piece of violet glass an uncursed worthless piece of white glass an uncursed worthless piece of yellow glass 2 uncursed worthless pieces of yellowish brown glass Spontiff the Healer's attributes: Background: You were a Rhizotomist, a level 1 male gnomish Healer. You were neutral, on a mission for Hermes who was opposed by Athena (lawful) and Poseidon (chaotic). You were left-handed. You were in the Gnomish Mines, on level 6. You entered the dungeon 3618 turns ago. You had 0 experience points, 20 were needed to attain level 2. Your score was 250 before end-of-game adjustments. Basics: You had 0 out of 24 hit points. You had no energy points (spell power). Your armor class was -2. Your wallet was empty, but you had 271 zorkmids stashed away in your pack. Autopickup was on for '$!/="?' plus thrown, with exceptions. Final Characteristics: Your strength was 8 (limit:18/50). Your dexterity was 12 (limit:18). Your constitution was 16 (limit:18). Your intelligence was 8 (limit:19). Your wisdom was 14 (limit:18). Your charisma was 17 (limit:18). Final Status: You were hungry. You were burdened; movement was slightly slowed. You were empty handed. You were unskilled in bare handed combat. Final Attributes: You were devoutly aligned. Your items were somewhat protected from fire. Your items were somewhat protected from cold. You were poison resistant. You saw invisible. You had infravision. You had a small defense bonus (+5). You were warded. You are dead. Miscellaneous: You never encountered a bones level. Total elapsed playing time was 1 hour, 16 minutes and 47 seconds. Major events: Turn 1: spontiff the neutral male gnomish Healer entered the dungeon 853: entered the Gnomish Mines 2724: reached Mine Town 3618: killed by a bolt of lightning zapped by a watch captain Vanquished creatures: a small mimic a large dog a shrieker 2 gnome leaders 4 dwarves a kobold leader a kobold shaman a giant bat 2 dwarf zombies a wererat 5 iguanas 2 coyotes 2 gas spores a hobbit 2 large kobolds 3 hobgoblins 3 giant rats 2 brown molds 3 green molds a red mold 8 gnomes 4 geckos 6 jackals 2 foxes a kobold 2 goblins 4 sewer rats 19 grid bugs a bat 6 lichens 2 kobold zombies 10 newts 104 creatures vanquished. No species were genocided or became extinct. Voluntary challenges: You never hit with a wielded weapon. You were a pacifist. You were illiterate. You never engraved Elbereth. You never genocided any monsters. You never polymorphed an object. You never changed form. You used no wishes. Achievements: You entered the Gnomish Mines. You entered Minetown. You entered a shop. You entered a temple. The Dungeons of Doom: levels 1 to 3 Level 1: Level 2: "magic trap" Stairs down to The Gnomish Mines. Level 3: The Gnomish Mines: levels 3 to 6 Level 3: "magic trap" Level 4: Level 5: Level 6: <- You were here. Many shops, a temple and an altar, a fountain. Final resting place for you, killed by a bolt of lightning zapped by a watch captain. Game over: ---------- / \ / REST \ / IN \ / PEACE \ / \ | spontiff | | 271 Au | | killed by a bolt | | of lightning | | zapped by a | | watch captain | | 2024 | *| * * * | * _________)/\\_//(\/(/\)/\//\/|_)_______ Goodbye spontiff the Healer... You died in The Gnomish Mines on dungeon level 6 with 250 points, and 271 pieces of gold, after 3618 moves. You were level 1 with a maximum of 24 hit points when you died.